 Dungeon Sprint DCSS version 0.26-a0-1184-g95e395e029 (webtiles) character file.

Game seed: 6264050258617140315

1669 rocky1 the Blocker (level 9, -4/78 HPs)
             Began as a Gnoll Fighter on Dec 28, 2020.
             Was a High Priest of Sif Muna.
             Slain by a freezing wraith (20 damage)
             ... in the Dungeon (Sprint VII: "The Pits").
             The game lasted 00:06:48 (1462 turns).

rocky1 the Blocker (Gnoll Fighter)                  Turns: 1462, Time: 00:06:49

Health: -4/78      AC: 18    Str: 19    XL:     9   Next: 1%
Magic:  19/19      EV: 13    Int: 13    God:    Sif Muna [*****.]
Gold:   0          SH: 12    Dex: 15    Spells: 16/22 levels left

rFire    . . .     SeeInvis .   a - +1 broad axe (freeze)
rCold    . . .     Faith    .   c - +0 kite shield
rNeg     . . .     Spirit   .   q - +4 chain mail
rPois    .         Reflect  .   (no helmet)
rElec    .         Harm     .   (no cloak)
rCorr    .         Rampage  .   (no gloves)
Will     .....     NoTele   +   (no boots)
Stlth    +.........             (no amulet)
HPRegen  0.23/turn              j - +3 ring of protection
MPRegen  0.16/turn              s - +3 ring of evasion

@: no status effects
A: distributed training, fangs 1, strong nose
a: Renounce Religion, Channel Magic, Forget Spell, Divine Exegesis


You were in the Dungeon.
You worshipped Sif Muna.
Sif Muna was extremely pleased with you.
You visited 1 branch

Inventory:

Hand Weapons
 a - a +1 broad axe of freezing (weapon)
 b - a +4 mace of freezing
 p - a +0 long sword of holy wrath
 r - a +2 morningstar of protection
 v - a +2 vampiric scimitar
Missiles
 o - 10 stones (quivered)
Armour
 c - a +0 kite shield (worn)
 q - a +4 chain mail (worn)
Jewellery
 j - a +3 ring of protection (left hand)
 s - a +3 ring of evasion (right hand)
Scrolls
 l - 3 scrolls of remove curse
 m - 5 scrolls of amnesia
 n - a scroll of summoning
Potions
 d - 2 potions of might
 e - 7 potions of curing
 f - 9 potions of heal wounds
 g - a potion of haste
 h - 4 potions of magic
 i - 2 potions of berserk rage
 k - 2 potions of invisibility
 t - a potion of mutation
 u - a potion of brilliance


   Skills:
 + Level 9.7 Fighting
 + Level 7.1 Short Blades
 + Level 8.5 Long Blades
 + Level 7.1 Axes
 + Level 7.1 Maces & Flails
 + Level 7.1 Polearms
 + Level 7.1 Staves
 + Level 7.1 Slings
 + Level 7.1 Bows
 + Level 7.1 Crossbows
 + Level 7.1 Throwing
 + Level 9.7 Armour
 + Level 7.1 Dodging
 + Level 7.1 Stealth
 + Level 9.7 Shields
 + Level 7.1 Unarmed Combat
 + Level 7.1 Spellcasting
 + Level 5.9 Conjurations
 + Level 5.9 Hexes
 + Level 5.9 Summonings
 + Level 5.9 Necromancy
 + Level 5.9 Translocations
 + Level 5.9 Transmutations
 + Level 5.9 Fire Magic
 + Level 5.9 Ice Magic
 + Level 5.9 Air Magic
 + Level 5.9 Earth Magic
 + Level 5.9 Poison Magic
 + Level 7.7 Invocations
 + Level 7.1 Evocations


You had 16 spell levels left.
You knew the following spells:

 Your Spells              Type           Power        Failure   Level
a - Starburst             Conj/Fire      9%           100%        6

Your spell library contained the following spells:

 Spells                   Type           Power        Failure   Level
 Summon Small Mammal      Summ           76%          21%         1
 Gell's Gravitas          Tloc           9%           52%         3
 Ignite Poison            Fire/Tmut/Pois 19%          52%         3
 Spider Form              Tmut/Pois      9%           52%         3
 Summon Guardian Golem    Hex/Summ       19%          52%         3
 Ice Form                 Ice/Tmut       19%          90%         4
 Summon Ice Beast         Ice/Summ       19%          90%         4
 Summon Demon             Summ           9%           99%         5
 Summon Mana Viper        Hex/Summ       19%          99%         5


Dungeon Overview and Level Annotations

Branches:
Dungeon (1/1)

Altars:
Ashenzari
Cheibriados
Dithmenos
Elyvilon
Fedhas
Gozag
Hepliaklqana
Kikubaaqudgha
Makhleb
Nemelex Xobeh
Okawaru
Qazlal
Ru
Sif Muna
Trog
Uskayaw
Vehumet
Wu Jian
Xom
Yredelemnul
Zin
The Shining One
Beogh
Jiyva
Lugonu


Innate Abilities, Weirdness & Mutations

Your experience applies equally to all skills.
You have very sharp teeth.
Your uncanny sense of smell can sniff out nearby items.


Message History

* * * LOW HITPOINT WARNING * * *
The freezing wraith closely misses you.
The killer bee stings you but does no damage. x2
You feel much better. You block the killer bee's attack.
The killer bee closely misses you.
The killer bee stings you but does no damage.
The killer bee stings you. The freezing wraith hits you!
The freezing wraith freezes you!
* * * LOW HITPOINT WARNING * * *
The freezing wraith barely misses you. The killer bee barely misses you.
You block the killer bee's attack.
You feel better.
The killer bee stings you but does no damage.
The killer bee stings you.
* * * LOW HITPOINT WARNING * * *
You block the killer bee's attack. The killer bee misses you.
The freezing wraith hits you.
* * * LOW HITPOINT WARNING * * *
The freezing wraith freezes you!!
You die...

))'.##......#..#......#
###.##................+
.....'................+
)#####......#..#......#
.#[[##...........)....#
.#.)#####'#####''######
.#).##.......##''#####
##))##.......##......+
.#..##.......##.@y...+
.#'###...<...##Wyy..##
....##.......##.S.###
....##.......##..##
######.......##''#
##..###########...
.#)############++#.
##)#....#...[# #.
.#)#....#..[[# ##


You could see a freezing wraith, a black mamba and 3 killer bees.

Vanquished Creatures
  A boulder beetle (D)
  A gargoyle (D)
  A warg (D)
  An eye of draining (D)
  A centaur (D)
  2 killer bees (D)
  4 wights (D)
  A quasit (D)
  An orc priest (D)
  A gnoll shaman (D)
  5 gnolls (D)
  5 adders (D)
  A white imp (D)
  An adder zombie (D)
  4 orcs (D)
  A bat (D)
  A bat zombie (D)
  A quokka (D)
  2 ball pythons (D)
  A rat (D)
36 creatures vanquished.

Notes
Turn   | Place    | Note
-------+----------+-------------------------------------------
     0 | D        | rocky1 the Gnoll Fighter began the quest for the Orb.
     0 | D        | Reached XP level 1. HP: 23/23 MP: 1/1
    26 | D        | Found a bloodstained altar of Trog.
    26 | D        | Found a shimmering blue altar of Sif Muna.
    26 | D        | Found a viscous altar of Jiyva.
    26 | D        | Found a hazy altar of Hepliaklqana.
    26 | D        | Found an opulent altar of Gozag.
    27 | D        | Found a glowing golden altar of the Shining One.
    27 | D        | Found a glowing silver altar of Zin.
    27 | D        | Found a basalt altar of Yredelemnul.
    27 | D        | Found a shimmering altar of Xom.
    27 | D        | Found an ornate altar of the Wu Jian Council.
    27 | D        | Found a sacrificial altar of Ru.
    27 | D        | Found a stormy altar of Qazlal.
    27 | D        | Found an iron altar of Okawaru.
    27 | D        | Found a sparkling altar of Nemelex Xobeh.
    27 | D        | Found a burning altar of Makhleb.
    27 | D        | Found a blossoming altar of Fedhas.
    27 | D        | Found a white marble altar of Elyvilon.
    27 | D        | Found a shadowy altar of Dithmenos.
    27 | D        | Found a snail-covered altar of Cheibriados.
    30 | D        | Found a corrupted altar of Lugonu.
    30 | D        | Found a radiant altar of Vehumet.
    30 | D        | Found a roughly hewn altar of Beogh.
    31 | D        | Found an ancient bone altar of Kikubaaqudgha.
    31 | D        | Found a hide-covered altar of Uskayaw.
    31 | D        | Found a broken altar of Ashenzari.
    32 | D        | Became a worshipper of Sif Muna the Loreminder
    65 | D        | Reached skill level 1 in Short Blades
    65 | D        | Reached skill level 1 in Axes
    65 | D        | Reached skill level 1 in Maces & Flails
    65 | D        | Reached skill level 1 in Polearms
    65 | D        | Reached skill level 1 in Staves
    65 | D        | Reached skill level 1 in Slings
    65 | D        | Reached skill level 1 in Bows
    65 | D        | Reached skill level 1 in Crossbows
    65 | D        | Reached skill level 1 in Throwing
    65 | D        | Reached skill level 1 in Dodging
    65 | D        | Reached skill level 1 in Stealth
    65 | D        | Reached skill level 1 in Unarmed Combat
    65 | D        | Reached skill level 1 in Spellcasting
    65 | D        | Reached skill level 1 in Invocations
    65 | D        | Reached skill level 1 in Evocations
    75 | D        | Reached skill level 1 in Conjurations
    75 | D        | Reached skill level 1 in Hexes
    75 | D        | Reached skill level 1 in Summonings
    75 | D        | Reached skill level 1 in Necromancy
    75 | D        | Reached skill level 1 in Translocations
    75 | D        | Reached skill level 1 in Transmutations
    75 | D        | Reached skill level 1 in Fire Magic
    75 | D        | Reached skill level 1 in Ice Magic
    75 | D        | Reached skill level 1 in Air Magic
    75 | D        | Reached skill level 1 in Earth Magic
    75 | D        | Reached skill level 1 in Poison Magic
    75 | D        | Reached XP level 2. HP: 29/29 MP: 4/4
    89 | D        | Reached * piety under Sif Muna
    95 | D        | Reached XP level 3. HP: 26/35 MP: 5/5
   303 | D        | Reached skill level 5 in Long Blades
   304 | D        | Reached ** piety under Sif Muna
   401 | D        | Noticed a warg
   412 | D        | Reached XP level 4. HP: 37/43 MP: 7/7
   420 | D        | Reached *** piety under Sif Muna
   431 | D        | Reached XP level 5. HP: 38/48 MP: 9/9
   434 | D        | Reached **** piety under Sif Muna
   461 | D        | Killed a warg
   462 | D        | Reached XP level 6. HP: 33/56 MP: 10/12
   463 | D        | Reached skill level 5 in Invocations
   473 | D        | Reached ***** piety under Sif Muna
   475 | D        | Identified Sif Muna's Compendium of Mutagenic Flames (Sif
                  | Muna gifted it to you in the Dungeon)
   475 | D        | Received a gift from Sif Muna
   476 | D        | Reached skill level 5 in Short Blades
   476 | D        | Reached skill level 5 in Axes
   476 | D        | Reached skill level 5 in Maces & Flails
   476 | D        | Reached skill level 5 in Polearms
   476 | D        | Reached skill level 5 in Staves
   476 | D        | Reached skill level 5 in Slings
   476 | D        | Reached skill level 5 in Bows
   476 | D        | Reached skill level 5 in Crossbows
   476 | D        | Reached skill level 5 in Throwing
   476 | D        | Reached skill level 5 in Dodging
   476 | D        | Reached skill level 5 in Stealth
   476 | D        | Reached skill level 5 in Unarmed Combat
   476 | D        | Reached skill level 5 in Spellcasting
   476 | D        | Reached skill level 5 in Evocations
   476 | D        | Reached XP level 7. HP: 24/63 MP: 12/14
   826 | D        | Noticed a boulder beetle
   853 | D        | Killed a boulder beetle
   853 | D        | Identified Sif Muna's Papyrus of the Warped Escort (Sif
                  | Muna gifted it to you in the Dungeon)
   853 | D        | Received a gift from Sif Muna
   854 | D        | Reached skill level 5 in Conjurations
   854 | D        | Reached skill level 5 in Hexes
   854 | D        | Reached skill level 5 in Summonings
   854 | D        | Reached skill level 5 in Necromancy
   854 | D        | Reached skill level 5 in Translocations
   854 | D        | Reached skill level 5 in Transmutations
   854 | D        | Reached skill level 5 in Fire Magic
   854 | D        | Reached skill level 5 in Ice Magic
   854 | D        | Reached skill level 5 in Air Magic
   854 | D        | Reached skill level 5 in Earth Magic
   854 | D        | Reached skill level 5 in Poison Magic
   854 | D        | Reached XP level 8. HP: 43/71 MP: 15/17
  1279 | D        | Learned a level 6 spell: Starburst
  1282 | D        | Noticed a gargoyle
  1298 | D        | Killed a gargoyle
  1437 | D        | Noticed a freezing wraith
  1450 | D        | Reached XP level 9. HP: 73/78 MP: 19/19
  1450 | D        | Noticed a black mamba
  1462 | D        | Slain by a freezing wraith

Illustrated notes

Levels and vault maps discovered:
D:        pitsprint [storerooms_1, entrance_room_1, metal_vault_4, armoury_3,
          mini_pit_1, grid_room_1, main_hall_1, silver_pit, the_coven_2,
          the_vestibule_1, steel_vault_4, golden_pit, hallway_of_sentries,
          crystal_vault_4, iron_vault_3, final_vault]

Skill      XL: |  1  2  3  4  5  6  7  8 |
---------------+-------------------------+-----
Short Blades   | 1 2 3 4 5 6 7 |  7.1
Axes           | 1 2 3 4 5 6 7 |  7.1
Maces & Flails | 1 2 3 4 5 6 7 |  7.1
Polearms       | 1 2 3 4 5 6 7 |  7.1
Staves         | 1 2 3 4 5 6 7 |  7.1
Slings         | 1 2 3 4 5 6 7 |  7.1
Bows           | 1 2 3 4 5 6 7 |  7.1
Crossbows      | 1 2 3 4 5 6 7 |  7.1
Throwing       | 1 2 3 4 5 6 7 |  7.1
Dodging        | 1 2 3 4 5 6 7 |  7.1
Stealth        | 1 2 3 4 5 6 7 |  7.1
Unarmed Combat | 1 2 3 4 5 6 7 |  7.1
Spellcasting   | 1 2 3 4 5 6 7 |  7.1
Invocations    | 1 2 3 4 5 7 |  7.7
Evocations     | 1 2 3 4 5 6 7 |  7.1
Conjurations   | 1 2 3 4 5 |  5.9
Hexes          | 1 2 3 4 5 |  5.9
Summonings     | 1 2 3 4 5 |  5.9
Necromancy     | 1 2 3 4 5 |  5.9
Translocations | 1 2 3 4 5 |  5.9
Transmutations | 1 2 3 4 5 |  5.9
Fire Magic     | 1 2 3 4 5 |  5.9
Ice Magic      | 1 2 3 4 5 |  5.9
Air Magic      | 1 2 3 4 5 |  5.9
Earth Magic    | 1 2 3 4 5 |  5.9
Poison Magic   | 1 2 3 4 5 |  5.9
Long Blades    | 5 6 8 |  8.5
Fighting       | 7 8 9 |  9.7
Armour         | 7 8 9 |  9.7
Shields        | 7 8 9 |  9.7

Action                   |  1- 3 |  4- 6 |  7- 9 || total
-------------------------+-------+-------+-------++-------
Melee: Long sword        |    39 |    43 |    20 ||   102
       Bite              |     6 |     9 |    11 ||    26
       Hand axe          |     3 |    18 |       ||    21
       Mace              |       |       |    22 ||    22
       Scimitar          |       |       |    24 ||    24
       Broad axe         |       |       |     7 ||     7
  Use: Potion            |       |     1 |     5 ||     6
       Scroll            |       |       |     1 ||     1
Armor: Scale mail        |    21 |       |       ||    21
       Chain mail        |     2 |    24 |    50 ||    76
Dodge: Dodged            |    16 |    26 |    60 ||   102
Block: Kite shield       |    29 |    36 |    66 ||   131
       Rpst.: Long sword |     4 |     1 |     1 ||     6
       Scimitar          |       |       |     5 ||     5

Table legend: (Time is in decaauts)
 A = Elapsed time spent in this place.
 B = Non-inter-level travel time spent in this place.
 C = Inter-level travel time spent in this place.
 D = Time resting spent in this place.
 E = Time spent auto-exploring this place.
 F = Levels seen in this place.
 G = Mean time per level.
                   A        B        C        D        E       F      G
               +--------+--------+--------+--------+--------+-----+--------+
         Total |   1502 |   1502 |      0 |    921 |      0 |   1 | 1502.0 |
       Dungeon |   1502 |   1502 |      0 |    921 |      0 |   1 | 1502.0 |
               +--------+--------+--------+--------+--------+-----+--------+

Top non-repeatable levels by time:
       D: 1502 daAuts
